AoeStats
← Tyrant Bacty

Arena

509654019Analyzed
1v1 RM · 6d ago on Sep 27, 2026· 45m 42s· 2 players
Game mode
Random Map
Map size
Tiny (2 player)
Population
200
Speed
Normal
Resources
Standard
Victory
Conquest
Starting age
Dark Age
Ending age
Imperial Age
RankedLock teamsTeams togetherTeam positionsShared explorationLock speedFull tech treeHidden civsTurbo modeCheats
Victory
Defeat
🇬🇧 Magyars · United Kingdom
681
+17
🇨🇱 Burgundians · Chile
697
-17
Soundpulse
7:36 Loom
10:38 Feudal Age
13:02 Wheelbarrow
14:03 Double-Bit Axe
14:00 Horse Collar
14:57 Scale Barding Armor
19:27 Castle Age
17:55 Gold Mining
18:17 Stone Mining
19:14 Fletching
19:25 Padded Archer Armor
20:30 Heavy Plow
20:42 Bow Saw
23:23 Gold Shaft Mining
27:57 Chain Barding Armor
27:56 Leather Archer Armor
30:57 Hand Cart
35:52 Imperial Age
34:22 Bodkin Arrow
37:56 Conscription
37:42 Corvinian Army
37:03 Elite Magyar Huszar
39:21 Two-Man Saw
38:54 Crop Rotation
39:24 Plate Barding Armor
38:50 Bracer
39:21 Ring Archer Armor
40:23 Hoardings
45:47 Ballistics
45:17 Heated Shot
Tyrant Bacty
5:13 Loom
12:54 Wheelbarrow
12:19 Double-Bit Axe
12:49 Horse Collar
15:35 Feudal Age
14:34 Gold Mining
14:40 Stone Mining
18:27 Bow Saw
18:37 Heavy Plow
18:44 Fletching
21:01 Scale Mail Armor
21:41 Hand Cart
22:29 Forging
23:04 Padded Archer Armor
24:48 Arson
28:13 Castle Age
27:16 Town Watch
27:51 Scale Barding Armor
29:52 Gold Shaft Mining
29:49 Crop Rotation
30:23 Two-Man Saw
30:15 Treadmill Crane
30:31 Murder Holes
30:17 Light Cavalry
31:39 Iron Casting
31:57 Town Watch
38:50 Imperial Age
37:40 Chain Barding Armor
37:21 Cavalier
38:04 Bodkin Arrow
39:15 Leather Archer Armor
39:16 Chain Mail Armor
38:42 Man-at-Arms
40:42 Chemistry
40:50 Plate Barding Armor
41:22 Plate Mail Armor
41:17 Pikeman
45:14 Fortified Wall
Connection lost

Rejoining the realm…

Still unreachable

The connection could not be restored.

Session expired

The server has moved on; the page needs a fresh start.